 Dungeon Crawl Stone Soup version 0.31-a0-675-g238779eb0a (webtiles) character file.

Game seed: 3774294595576570806

58 qw the Shooter (level 4, -1/27 HPs)
             Began as a Gargoyle Hunter on Sept 5, 2023.
             Slain by an orc
             ... wielding a +0 morningstar
              (6 damage)
             ... on level 2 of the Dungeon.
             The game lasted 00:00:26 (1265 turns).

qw the Shooter (Gargoyle Hunter)                    Turns: 1265, Time: 00:00:26

Health: -1/27      AC:  9    Str: 15    XL:     4   Next: 1%
Magic:  4/4        EV: 11    Int:  9    God:
Gold:   168        SH:  0    Dex: 15    Spells: 3/3 levels left

rFire   . . .        Y - +0 shortbow
rCold   . . .        (shield currently unavailable)
rNeg    + . .        d - +0 ring mail
rPois   inf          (no helmet)
rElec   +            (no cloak)
rCorr   .            (no gloves)
SInv    .            i - +0 pair of boots
Will    +....        (no amulet)
Stlth   +            f - ring of willpower
HPRegen 0.24/turn    (no ring)
MPRegen 0.09/turn

%: no passive effects
@: about to teleport
A: sickness immunity, AC +3, negative energy resistance 1, electricity
resistance, torment resistance 1, petrification resistance
a: no special abilities


You were on level 2 of the Dungeon.
You visited 1 branch of the dungeon, and saw 3 of its levels.

You collected 168 gold pieces.


Innate Abilities, Weirdness & Mutations

You are immune to sickness and miasma.
Your stone body is resilient. (AC +3)
You are immune to poison.
You resist negative energy. (rN+)
You are resistant to electric shocks. (rElec)
You are resistant to unholy torment.
You are immune to petrification.


   Skills:
 + Level 2.9 Fighting
 - Level 5.0 Ranged Weapons
 - Level 1.0 Armour
 - Level 1.5 Dodging
 - Level 1.1 Stealth


You had 3 spell levels left.
You didn't know any spells.
Your spell library was empty.

Inventory:

Hand Weapons
 Y - a +0 shortbow (weapon)
Armour
 d - a +0 ring mail (worn)
 i - a +0 pair of boots (worn)
Jewellery
 f - a ring of willpower (left hand)
Potions
 b - a potion of experience {unknown}
 g - a potion of haste {unknown}
 h - a potion of invisibility {unknown}

Dungeon Overview and Level Annotations

Branches:
Dungeon (3/15)

Altars:


Message History

Done exploring.
What level of the Dungeon? (default 3, ? - help)
You climb downwards.
The orc shouts!
You hear a shout! x2
The bat hits you but does no damage. The orc barely misses you.
An orc comes into view. It is wielding a +0 flail.
There is a stone staircase leading up here.
1256 ||| STAIRDANCE The bat barely misses you.
The bat closely misses you. The orc barely misses you.
The orc hits you with a +0 morningstar!
You climb upwards.
There is a stone staircase leading down here.
You shoot an arrow. The arrow barely misses the orc.
The orc barely misses you. x2
You shoot an arrow. The arrow hits the orc!
You kill the orc!
The orc hits you with a +0 morningstar.
You have reached level 4!
You feel stronger.
You shoot an arrow.
The arrow hits the orc but does no damage.
The orc hits you with a +0 morningstar.
You shoot an arrow. The arrow hits the orc.
The orc is lightly wounded.
The orc closely misses you. The orc barely misses you.
You shoot an arrow.
The arrow hits the orc but does no damage.
The orc is lightly wounded.
The orc completely misses you.
You shoot an arrow.
The arrow hits the orc but does no damage.
The orc is lightly wounded.
The orc hits you but does no damage.
You shoot an arrow. The arrow hits the orc.
The orc is heavily wounded.
The orc hits you with a +0 morningstar!
1265 ||| READING scroll of teleportation.
As you read the scroll of teleportation, it crumbles to dust.
You feel strangely unstable. The orc hits you with a +0 morningstar.
You die...

##.######.# #.#
#.# #...# ....#
#.# #.# #.# #.####
##..# #.# #.# #.#
#.##.. #..# #.#
#.# #.######.##.#
#..#####.# #.#
#...........#
#........#
#.####.###########
#.#####..#
#.#.......#
##.#####..#
#o#.......#
..........####
#@#.......#
....####.....#
#.).......#
.#..########.#
###.......## ###
.#.....# #.#
#........####.##
.##.##.# #.#
#..............#
.##.##.# #.#
######...####.##
.##.##.# #.#
#.....#####.##
###.##.# #.#
#.###.###.....
###.##.#####.##
#.#.......'###


You could see an orc.

Vanquished Creatures
  2 adders (D:2)
  A dart slug (D:2)
  2 orcs (D:2)
  3 ball pythons
  2 bats
  7 endoplasms
  A giant cockroach (D:2)
  4 goblins
  A hobgoblin (D:2)
  2 quokkas (D:1)
  3 frilled lizards (D:2)
  2 kobolds
  4 rats
34 creatures vanquished.

Notes
Turn   | Place    | Note
-------+----------+-------------------------------------------
     0 | D:1      | qw the Gargoyle Hunter began the quest for the Orb.
     0 | D:1      | Reached XP level 1. HP: 12/12 MP: 1/1
     0 | D:1      | 0 ||| qw: Version: 0.3-a-75-g829b12e
     0 | D:1      | 0 ||| qw: Game counter: 97
     0 | D:1      | 0 ||| qw: Melee chars always use a shield: true
     0 | D:1      | 0 ||| qw: God list: Okawaru
     0 | D:1      | 0 ||| qw: Allow faded altars: false
     0 | D:1      | 0 ||| qw: Do Orc after clearing Dungeon:15 true
     0 | D:1      | 0 ||| qw: Do second Lair branch before Depths: true
     0 | D:1      | 0 ||| qw: Lair rune preference: random
     0 | D:1      | 0 ||| qw: Goals: Normal
     0 | D:1      | 0 ||| PLANNING D:1-11
    76 | D:1      | Reached XP level 2. HP: 17/17 MP: 2/2
   525 | D:1      | 525 ||| UPGRADING to +0 ring mail.
   535 | D:1      | 535 ||| DROPPING +0 leather armour.
   536 | D:1      | 536 ||| UPGRADING to +0 pair of boots.
   541 | D:1      | 541 ||| UPGRADING to ring of willpower.
   542 | D:1      | 542 ||| READING 2 scrolls labelled BUMADUTTUU.
   546 | D:1      | 546 ||| DROPPING scroll of butterflies.
   677 | D:2      | Reached skill level 1 in Armour
   755 | D:2      | Reached XP level 3. HP: 21/21 MP: 3/3
   854 | D:2      | Reached skill level 5 in Ranged Weapons
  1247 | D:3      | 1247 ||| STAIRDANCE
  1256 | D:3      | 1256 ||| STAIRDANCE
  1260 | D:2      | Reached XP level 4. HP: 16/27 MP: 4/4
  1264 | D:2      | HP: 5/27 [orc/+0 morningstar (9)]
  1265 | D:2      | 1265 ||| READING scroll of teleportation.
  1265 | D:2      | Slain by an orc

Levels and vault maps discovered:
D:1:      dpeg_arrival_simpleton_a, layout_rooms, minmay_misc_feat_five,
          minmay_pentomino_o4
D:2:      layout_loops_ring, kennysheep_pointless_box
D:3:      layout_basic, serial_shops, shop, serial_bayou_lagoon_a, uniq_natasha

Skill      XL: |  1  2  3 |
---------------+----------+-----
Armour         | 1 |  1.0
Ranged Weapons | 5 |  5.0
Fighting       | |  2.9
Dodging        | |  1.5
Stealth        | |  1.1

Action                     |  1- 3 |  4- 6 || total
---------------------------+-------+-------++-------
   Fire: Shortbow          |    91 |     5 ||    96
    Use: Scroll            |     1 |     1 ||     2
 Armour: Leather armour    |     1 |       ||     1
         Ring mail         |    20 |     4 ||    24
  Dodge: Dodged            |    17 |     3 ||    20

Table legend:
 A = Non-vault XP
 B = Vault XP
 C = Vault XP percentage of total XP
 D = Non-vault monster count
 E = Vault monster count
 F = Vault count percentage of total count
                 A         B        C        D         E       F
            +---------+---------+-------+---------+---------+-------
      Total |      79 |       4 |   4.8 |      31 |       3 |   8.8
            +---------+---------+-------+---------+---------+-------
        D:1 |      17 |       4 |  19.0 |       9 |       3 |  25.0
        D:2 |      62 |       0 |   0.0 |      22 |       0 |   0.0
            +---------+---------+-------+---------+---------+-------
